 Dungeon Crawl Stone Soup version 0.20.0-8-g6b59dc7 (webtiles) character file.

68 Chiseanne the Magician (level 4, 22/30 HPs)
             Began as a Demonspawn Wizard on June 2, 2017.
             Quit the game on level 2 of the Dungeon.
             The game lasted 00:03:35 (2381 turns).

Chiseanne the Magician (Demonspawn Wizard)          Turns: 2381, Time: 00:03:36

Health: 22/30      AC:  7    Str:  7    XL:     4   Next: 1%
Magic:  1/9        EV: 12    Int: 20    God:
Gold:   107        SH:  0    Dex: 12    Spells: 1/10 levels left

rFire    . . .     SeeInvis .   p - +0 short sword
rCold    . . .     Gourm    .   (no shield)
rNeg     . . .     Faith    .   a - +0 robe
rPois    .         Spirit   .   b - +1 hat
rElec    .         Reflect  .   (no cloak)
rCorr    .         Harm     .   o - +2 pair of gloves
MR       .....                  (no boots)
Stlth    ++........             (no amulet)
Regen    0.1/turn               (no ring)
MPRegen  0.2/turn               (no ring)

@: no status effects
A: antennae 1, rugged brown scales 1, powered by pain 1
a: no special abilities


You were on level 2 of the Dungeon.
You were not hungry.

You visited 1 branch of the dungeon, and saw 2 of its levels.

You collected 107 gold pieces.

Inventory:

Hand Weapons
 g - a +0 club
 p - a +0 short sword (weapon)
Missiles
 j - 103 stones (quivered)
 k - 66 arrows
 l - 8 poisoned needles
Armour
 a - a +0 robe (worn)
 b - a +1 hat (worn)
 o - a +2 pair of gloves (worn)
Jewellery
 r - an uncursed ring of resist corrosion {unknown}
Scrolls
 e - a scroll of teleportation
 i - a scroll of fear
Potions
 f - a potion of agility {unknown}
 s - 2 potions of berserk rage {unknown}
Comestibles
 d - 4 bread rations
 q - a royal jelly
 t - 2 chunks of flesh


   Skills:
 - Level 1.7 Dodging
 - Level 1.7 Stealth
 * Level 3.9 Spellcasting
 * Level 2.7 Conjurations
   Level 1.0 Summonings
 - Level 0.8 Translocations


You had one spell level left.
You knew the following spells:

 Your Spells              Type           Power        Failure   Level  Hunger
a - Magic Dart            Conj           ##..         4%          1    None
b - Blink                 Tloc           N/A          14%         2    ##.....
c - Conjure Flame         Conj/Fire      #.......     22%         3    ###....
d - Mephitic Cloud        Conj/Pois/Air  #.......     26%         3    ###....


Dungeon Overview and Level Annotations

Branches:
Dungeon (2/15)

Altars:

Annotations:
D:2 Robin


Innate Abilities, Weirdness & Mutations

You have a pair of small antennae on your head.
You are partially covered in rugged brown scales. (AC +1, +3% HP)
You sometimes gain a little power by taking damage.


Message History

You closely miss the hobgoblin.
The hobgoblin is severely wounded.
The hobgoblin closely misses you.
Robin mumbles something.
You hit the hobgoblin.
The hobgoblin is almost dead.
The hobgoblin barely misses you.
Robin chortles and stares into space.
You closely miss the hobgoblin.
The hobgoblin is almost dead.
The hobgoblin hits you but does no damage.
You barely miss the hobgoblin.
The hobgoblin is almost dead.
The hobgoblin hits you with a club.
You hit the hobgoblin.
You kill the hobgoblin!
You have reached level 4!
You feel agile.
Your demonic ancestry asserts itself...
A pair of antennae grows on your head!
Are you sure you want to abandon this character and quit the game? (Confirm with "yes".)

#.###...####.#.#.###.....K#
####....#.##
#.#.##.#..###.#####
#.....#.#.# #g#.#
#.#.###.g...# #.##.##.#.##
#.#.# #.#.##(#.##.#
.....##.#..#
#.#.###..g..###.#.#
..#####.##.# #†..)..g...##
##..# ..##....##.#
##..#####.#.###.#.#
.###....##.# #g##
#.##.#.##.# .# #...###.# #@#
#.###.###.# .# ##.##
#.#####.# #....## #..
.####.####......)######.##.#
###
...........#####.)......##.#
#####.####.# #.#########.#
#.####.#####.# #.#
#......[.....# #.#
#####......... #.#
#.#....... #.#


You could see Robin (confused) and a goblin.

Vanquished Creatures
  A gnoll (D:1)
  An ooze (D:2)
  A worm (D:2)
  2 ball pythons (D:1)
  5 bats
  3 giant cockroaches
  7 goblins
  7 hobgoblins
  2 jackals (D:2)
  7 kobolds
  A quokka (D:2)
  3 frilled lizards
  6 rats
46 creatures vanquished.

Notes
Turn   | Place    | Note
-------+----------+-------------------------------------------
     0 | D:1      | Chiseanne the Demonspawn Wizard began the quest for the Orb.
     0 | D:1      | Reached XP level 1. HP: 13/13 MP: 4/4
   386 | D:1      | Gained mutation: You are partially covered in rugged brown scales. (AC +1, +3% HP) [demonic ancestry]
   386 | D:1      | Reached XP level 2. HP: 13/19 MP: 3/6
  1145 | D:1      | Gained mutation: You sometimes gain a little power by taking damage. [demonic ancestry]
  1145 | D:1      | Reached XP level 3. HP: 24/24 MP: 6/8
  2273 | D:2      | Noticed Robin
  2278 | D:1      | Learned a level 2 spell: Blink
  2282 | D:1      | Learned a level 3 spell: Conjure Flame
  2286 | D:1      | Learned a level 3 spell: Mephitic Cloud
  2380 | D:2      | Gained mutation: You have a pair of small antennae on your head. [demonic ancestry]
  2380 | D:2      | Reached XP level 4. HP: 22/30 MP: 1/9
  2381 | D:2      | Quit the game

Skill      XL: |  1  2 |
---------------+-------+-----
Conjurations   | 2 |  2.7
Dodging        | |  1.7
Stealth        | |  1.7
Spellcasting   | |  3.9
Summonings     | |  1.0
Translocations | |  0.8

Action                   |  1- 3 |  4- 6 || total
-------------------------+-------+-------++-------
Melee: Unarmed           |     6 |       ||     6
       Club              |     9 |       ||     9
       Short sword       |    17 |       ||    17
 Cast: Magic Dart        |   107 |       ||   107
       Mephitic Cloud    |     2 |       ||     2
  Use: Scroll            |     5 |       ||     5
  Eat: Chunk             |     4 |       ||     4
Armor: Robe              |    13 |       ||    13
Dodge: Dodged            |    41 |       ||    41
